 Dungeon Crawl Stone Soup version 0.30-a0-743-gbfdf073431 (webtiles) character file.

Game seed: 12767121400296078079

421 jimonade the Magician (level 7, -3/47 HPs)
             Began as a Djinni Venom Mage on Feb 8, 2023.
             Slain by a gnoll
             ... wielding a +0 club
              (4 damage)
             ... on level 4 of the Dungeon.
             The game lasted 00:07:58 (3164 turns).

jimonade the Magician (Djinni Venom Mage)           Turns: 3164, Time: 00:07:59

Health: -3/47      AC:  3    Str:  9    XL:     7   Next: 16%
Gold:   126        EV: 13    Int: 16    God:
                   SH:  0    Dex: 14

rFire   + + .      SeeInvis .    a - +2 dagger (venom)
rCold   x . .      Faith    .    (no shield)
rNeg    . . .      Spirit   .    d - +0 robe
rPois   ∞          Reflect  .    (no helmet)
rElec   .          Harm     .    j - +0 cloak
rCorr   .          Rampage  .    (no gloves)
Will    .....                    (boots unavailable)
Stlth   ++                       (no amulet)
HPRegen 0.27/turn                (no ring)
MPRegen 0.00/turn                (no ring)

@: flying
A: sickness immunity, fire resistance 2, cold vulnerability 1, float, innate
caster, HP casting, extra vitality 1
a: no special abilities


You were on level 4 of the Dungeon.
You visited 1 branch of the dungeon, and saw 4 of its levels.
You also visited: Ossuary.

You collected 126 gold pieces.

Inventory:

Hand Weapons
 a - a +2 dagger of venom (weapon)
 b - a +2 whip of electrocution
 c - a +0 long sword
 f - a +0 rapier
 n - the +2 war axe of Revolt {freeze, rElec rN++}
   (You found it on level 2 of the Dungeon)

   rElec:     It insulates you from electricity.
   rN:        It greatly protects you from negative energy.
 w - a +0 spectral club
 A - a +0 sling
 B - a +0 spectral short sword
Armour
 d - a +0 robe (worn)
 j - a +0 cloak (worn)
 x - a +0 leather armour
Jewellery
 D - the amulet of Ushrata {Reflect *Corrode rF+ Dex+7 SH+5}
   (You found it on level 4 of the Dungeon)

   [amulet of reflection]

   It reflects blocked missile attacks.
   Dex:       It affects your dexterity (+7).
   rF:        It protects you from fire.
   *Corrode:  It may corrode you when you take damage.
   SH:        It affects your SH (+5).
Wands
 u - a wand of quicksilver (13)
 v - a wand of flame (7)
 I - a wand of roots (5)
Scrolls
 h - a scroll of vulnerability {unknown}
 k - 7 scrolls of teleportation {unknown}
 l - 3 scrolls of enchant armour {unknown}
 m - a scroll of fog {unknown}
 o - 2 scrolls of enchant weapon {unknown}
 q - a scroll of blinking {unknown}
 r - a scroll of noise {unknown}
 s - a scroll of summoning {unknown}
 y - a scroll of amnesia {unknown}
 G - a scroll of magic mapping {unknown}
 H - a scroll of identify {unknown}
Potions
 e - a potion of cancellation {unknown}
 g - 5 potions of haste {unknown}
 i - 2 potions of lignification {unknown}
 p - 2 potions of curing {unknown}
 t - a potion of magic
 z - 2 potions of might {unknown}
 C - a potion of heal wounds {unknown}
 E - 4 potions of brilliance {unknown}
 F - 2 potions of attraction {unknown}


   Skills:
 + Level 1.2 Fighting
 - Level 0.2 Short Blades
 - Level 0.7 Maces & Flails
 + Level 2.9 Dodging
 - Level 1.5 Stealth
 * Level 5.4 Spellcasting


You couldn't memorise any spells.
You knew the following spells:

 Your Spells              Type           Power      Damage    Failure   Level
a - Sting                 Tmut/Pois      84%        1d7       1%          1
b - Poisonous Vapours     Pois/Air       42%        N/A       2%          2
c - Mephitic Cloud        Conj/Pois/Air  21%        N/A       4%          3
d - Olgreb's Toxic Radia  Pois           21%        N/A       16%         4
e - Kiss of Death         Conj/Necr      84%        2d11      1%          1
f - Wereblood             Tmut           21%        N/A       2%          2
g - Vampiric Draining     Necr           21%        2d7       4%          3
Your spell library was empty.

Dungeon Overview and Level Annotations

Branches:
Dungeon (4/15)            Ossuary (visited)
 Temple: D:4-7

Altars:
Okawaru

Annotations:
D:3 3 runed translucent doors, avis's ghost, amateur DgHu; porpoise's ghost, amateur HOMo; purpskrrrp's ghost, amateur OpBr


Innate Abilities, Weirdness & Mutations

You are immune to sickness and miasma.
You are immune to poison.
Your flesh is very heat resistant. (rF++)
You are vulnerable to cold. (rC-)
You float through the air rather than walking.
You learn spells naturally, not from books.
Your magical power is your life essence.
You have superior vitality. (+4 MHP)


Message History

The gnoll closely misses you. The endoplasm attacks as you move away!
The endoplasm hits you.
Aiming: Poisonous Vapours (safe; 2% risk of failure)
Press: ? - help, Q - select action, (/) - cycle Dir - move target, f/p - gnoll
Aim: a gnoll, wielding a +0 halberd (severely wounded, poisoned) Poisonous vapours surround the gnoll!
The gnoll looks even sicker.
The endoplasm hits you.
You hit the endoplasm.
The endoplasm is moderately wounded.
The endoplasm freezes you.
You are frozen.
You feel a terrible chill!
* * * LOW HITPOINT WARNING * * *
You hit the endoplasm but do no damage.
The endoplasm is poisoned.
The endoplasm is moderately wounded.
You kill the gnoll!
The endoplasm hits you.
* * * LOW HITPOINT WARNING * * *
You hit the endoplasm.
The endoplasm is almost dead.
The endoplasm freezes you.
You are frozen.
You feel a terrible chill!
* * * LOW HITPOINT WARNING * * *
You hit the endoplasm.
You kill the endoplasm!
You barely miss the gnoll. The gnoll closely misses you.
Aiming: Poisonous Vapours (safe; 2% risk of failure)
Press: ? - help, Q - select action, (/) - cycle Dir - move target, f - gnoll
Aim: a gnoll, wielding a +0 club Poisonous vapours surround the gnoll!
The gnoll is poisoned.
* * * LOW HITPOINT WARNING * * *
The gnoll hits you with a +0 club.
* * * LOW HITPOINT WARNING * * *
You hit the gnoll.
The gnoll is lightly wounded.
The gnoll hits you with a +0 club.
* * * LOW HITPOINT WARNING * * *
You barely miss the gnoll.
The gnoll is moderately wounded.
The gnoll hits you with a +0 club.
You die... ##'#####.# .....##..# #...##..<# P ##.##..#.# .P .P .###..##.### P.P P.P ..#....(........#####P.P... #...######### #......PPP.PPP #.### #######.P.....P ..# #..@g...PPPPPPP

.#############.###.......#
### ...............#
#.#).##.# ..
......########## #.#...#.#
.# #####.# #..###..##.#
#.# ##.## ##..<.# #.# #.##
##.#.# #.# #.# #.#.# #.#
#.## #.#.#


You could see a gnoll (poisoned).

Vanquished Creatures
  A water moccasin zombie (Ossuary)
  Ijyb (D:3)
  6 orc wizards (D:3)
  3 mummies
  5 gnolls
  3 adders
  6 adder zombies (Ossuary)
  3 worms
  3 endoplasms
  A giant cockroach (D:2)
  4 gnoll zombies (Ossuary)
  3 goblins
  2 hobgoblins
  4 jackals (D:2)
  3 quokkas
  4 ball pythons
  3 bats
  4 frilled lizards (D:3)
  7 hobgoblin zombies (Ossuary)
  3 kobolds
  A kobold zombie (Ossuary)
  An orc zombie (Ossuary)
  3 rats
74 creatures vanquished.

Notes
Turn   | Place    | Note
-------+----------+-------------------------------------------
     0 | D:1      | jimonade the Djinni Venom Mage began the quest for the Orb.
     0 | D:1      | jimonade set off with the following spells memorised:
                  | Sting, Poisonous Vapours, Mephitic Cloud, Olgreb's Toxic
                  | Radiance.
     0 | D:1      | Reached XP level 1. HP: 15/15 MP: 0/0
    11 | D:1      | You are sucked into a shaft and drop 1 floor!
    75 | D:2      | Reached XP level 2. HP: 10/21 MP: 0/0
   202 | D:2      | Reached skill level 3 in Spellcasting
   202 | D:2      | Reached XP level 3. HP: 20/25 MP: 0/0
   202 | D:2      | Learned a level 1 spell: Kiss of Death
   799 | D:2      | Identified the +2 war axe of Revolt {freeze, rElec rN++}
  1092 | D:3      | Reached XP level 4. HP: 26/31 MP: 0/0
  1371 | D:3      | Noticed Ijyb
  1385 | D:3      | Killed Ijyb
  1504 | D:3      | Reached XP level 5. HP: 16/36 MP: 0/0
  1504 | D:3      | Learned a level 2 spell: Wereblood
  1507 | D:3      | Reached skill level 4 in Spellcasting
  1732 | D:3      | Found a runed translucent gate.
  1732 | D:3      | Found a runed translucent gate.
  1734 | D:3      | Found a runed translucent gate.
  1737 | D:3      | Noticed porpoise's ghost (amateur HOMo)
  1737 | D:3      | Noticed avis's ghost (amateur DgHu)
  1739 | D:3      | Noticed purpskrrrp's ghost (amateur OpBr)
  1997 | D:3      | Found an iron altar of Okawaru.
  2158 | D:3      | Reached XP level 6. HP: 24/41 MP: 0/0
  2270 | D:3      | Reached skill level 5 in Spellcasting
  2609 | D:4      | Identified the amulet of Ushrata {Reflect *Corrode rF+
                  | Dex+7 SH+5}
  2619 | D:4      | Found a sand-covered staircase.
  2628 | Ossuary  | Entered an ossuary
  2795 | Ossuary  | Reached skill level 1 in Fighting
  2795 | Ossuary  | Reached XP level 7. HP: 40/47 MP: 0/0
  2795 | Ossuary  | Learned a level 3 spell: Vampiric Draining
  3163 | D:4      | HP: 1/47 [gnoll/+0 club (2)]
  3164 | D:4      | Slain by a gnoll

Illustrated notes

Levels and vault maps discovered:
D:1:      pf_arrival_petrified_forest, layout_rooms
D:2:      layout_loops_cross, hangedman_decor_push, minmay_bisected
D:3:      layout_loops_corners, palyth_temple_overflow_mages,
          hellmonk_okawaru_the_only_friend_you_need, gammafunk_ghost_cemetery,
          hangedman_decor_peaks_small, minmay_vboxes, uniq_ijyb
D:4:      layout_loops_ring, gup_ossuary_entry_pyramid, nicolae_elemental_shop,
          minmay_hedge_maze

Skill      XL: |  1  2  3  4  5  6 |
---------------+-------------------+-----
Spellcasting   | 3 4 5 |  5.4
Fighting       | 1 |  1.2
Short Blades   | |  0.2
Maces & Flails | |  0.7
Dodging        | |  2.9
Stealth        | |  1.5

Action                     |  1- 3 |  4- 6 |  7- 9 || total
---------------------------+-------+-------+-------++-------
  Melee: Dagger            |     6 |    20 |     7 ||    33
         Whip              |       |    71 |    13 ||    84
   Cast: Sting             |    60 |    55 |       ||   115
         Mephitic Cloud    |       |     4 |       ||     4
         Wereblood         |       |     8 |     3 ||    11
         Poisonous Vapours |       |       |     7 ||     7
   Stab: Sleeping          |       |     2 |       ||     2
 Armour: Robe              |     6 |    25 |     3 ||    34
  Dodge: Dodged            |    13 |    71 |     3 ||    87

Table legend: (Time is in decaauts)
 A = Elapsed time spent in this place.
 B = Non-inter-level travel time spent in this place.
 C = Inter-level travel time spent in this place.
 D = Time resting spent in this place.
 E = Time spent auto-exploring this place.
 F = Levels seen in this place.
 G = Mean time per level.
                   A        B        C        D        E       F      G
               +--------+--------+--------+--------+--------+-----+--------+
         Total |   3168 |   3107 |     61 |    292 |   2102 |   5 |  633.6 |
       Dungeon |   2747 |   2686 |     61 |     81 |   2102 |   4 |  686.8 |
       Ossuary |    421 |    421 |      0 |    211 |      0 |   1 |  421.0 |
               +--------+--------+--------+--------+--------+-----+--------+

Top non-repeatable levels by time:
     D:3: 1639 daAuts
     D:2: 904 daAuts
 Ossuary: 421 daAuts
     D:4: 191 daAuts
     D:1: 11 daAuts
